Workbook

Sheet Grants
A1: Lagos State Budget 2022
A2: Budget Title: Budget of Consolidation
A4: How will the Government source the grants?
A7: Domestic Grants | B7: 2022 Budget Target
A8: Project/Donor | B8: Amount Naira | C8: Amount Naira Billion
A9: Saving One Million Lives Performance for Result (SOMLPforR) | B9: 1550000000 | C9: =B9/1000000000 -> 1.55
A10: Growth Enhancement Support Scheme (GESS) | B10: 150000000 | C10: =B10/1000000000 -> 0.15
A11: National Programme for food Security | B11: 78000000 | C11: =B11/1000000000 -> 0.078
A12: LASU: TETFUND | B12: 1187136604 | C12: =B12/1000000000 -> 1.1871366
A13: UBEC Grant | B13: 3373303446 | C13: =B13/1000000000 -> 3.3733034 | E13: 68697.566
A14: TETFUND - OTHERS | B14: 2473240545 | C14: =B14/1000000000 -> 2.4732405 | E14: 13769280
A15: RSSH Basic Healthcare Provision Fund | B15: 2127999078 | C15: =B15/1000000000 -> 2.1279991 | E15: =E14-E13 -> 13700582
A16: Social Proctection - State Coordination Unit (SOCU) | B16: 750000000 | C16: =B16/1000000000 -> 0.75
A17: Mechelec-Chestrad | B17: 4100000000 | C17: =B17/1000000000 -> 4.1
A18: Total Domestic Grants | B18: =SUM(B9:B17) -> 15789679673 | C18: =B18/1000000000 -> 15.78968
A20: Foreign Grants | B20: 2022 Budget Target
A21: Project/Donor | B21: Amount Naira | C21: Amount Naira Billion
A22: Iconic Building - LASUTH | B22: 6000000000 | C22: =B22/1000000000 -> 6
A23: Support for first round NIPDs | B23: 23928660 | C23: =B23/1000000000 -> 0.02392866
A24: Support for 2nd round NIPDs | B24: 23928660 | C24: =B24/1000000000 -> 0.02392866
A25: Support for Monitoring & Supportive Supervision to Private Facilities | B25: 3167640 | C25: =B25/1000000000 -> 0.00316764
A26: Support for Quarterly Core Technical Committee meetings | B26: 456120 | C26: =B26/1000000000 -> 0.00045612
A27: Adolescent Sexuality Reproductive Health activities | B27: 13700582 | C27: =B27/1000000000 -> 0.013700582
A28: Reproductive, Maternal and Child Health activities | B28: 13212360 | C28: =B28/1000000000 -> 0.01321236
A29: Maternal Perinatal Death Surveillance Review Activities | B29: 3734640 | C29: =B29/1000000000 -> 0.00373464
A30: Maternal Perinatal Death Surveillance Review Activities | B30: 60480000 | C30: =B30/1000000000 -> 0.06048
A31: National Integrated Measles Campaign | B31: 23928660 | C31: =B31/1000000000 -> 0.02392866
A32: UNICEF | B32: 1.5852353e+09 | C32: =B32/1000000000 -> 1.5852353
A33: UNFPA | B33: 3.2918447e+08 | C33: =B33/1000000000 -> 0.32918447
... A46: Circular Economy Initiative | B46: 600000000 | C46: =B46/1000000000 -> 0.6
A47: Total Foreign Grants | B47: =SUM(B22:B46) -> 2.644113e+10 | C47: =B47/1000000000 -> 26.44113
A49: NOTES
A50: All numbers must be rounded to the nearest number
A51: All input cells are coloured pink
A52: All calculation cells are coloured yellow
A53: All linked cells are coloured blue
A54: All title cells are coloured green

Sheet Loans 
A1: =Grants!A1 -> Lagos State Budget 2022
A2: =Grants!A2 -> Budget Title: Budget of Consolidation
A4: How will the Government source the loans?
A6: Domestic Loans | B6: 2022 Budget Target
A7: Project/Institution | B7: Amount Naira | C7: Amount Naira Billion
A8: Others | B8: 1.8859337e+11 | C8: =B8/1000000000 -> 188.59337
A9: CBN/Local Bank DCRR Facility | B9: 153000000000 | C9: =B9/1000000000 -> 153
A10: Contractor Funding | B10: 5267310299 | C10: =B10/1000000000 -> 5.2673103
A11: Bond Issuance | B11: 134815000000 | C11: =B11/1000000000 -> 134.815
C12: =B12/1000000000 -> 0
C13: =B13/1000000000 -> 0
A14: Total Domestic Loans | B14: =SUM(B7:B13) -> 4.8167568e+11 | C14: =B14/1000000000 -> 481.67568
A16: Foreign Loans | B16: 2022 Budget Target
A17: Project/Insitution | B17: Amount Naira | C17: Amount Naira Billion
A18: AFD(LAMATA) | B18: 29039000000 | C18: =B18/1000000000 -> 29.039
A19: IFC(LAMATA) | B19: 10560000000 | C19: =B19/1000000000 -> 10.56
C20: =B20/1000000000 -> 0
A21: Total Foreign Loans | B21: =SUM(B17:B20) -> 39599000000 | C21: =B21/1000000 -> 39599
A23: NOTES
A24: All numbers must be rounded to the nearest number
A25: All input cells are coloured pink
A26: All calculation cells are coloured yellow
A27: All linked cells are coloured blue
A28: All title cells are coloured green

Sheet Revenue and Financing Page 
A1: =Grants!A1 -> Lagos State Budget 2022
A2: =Grants!A2 -> Budget Title: Budget of Consolidation
A4: Where will the money come from?
A6: Budget Resource Envelope (Source of Funds) | C6: 2022 Budget Target | D6: 2022 Percentage of Total Sources of Funds | E6: Previous Year Target | F6: Previous Year Actual
A7: Revenue | B7: Internally Generated Revenue | C7: 8.6114073e+11 | D7: =(C7/C$25) -> 0.48978637 | E7: 7.7204341e+11 | F7: 5.8204455e+11
B8: Statutory Allocation | C8: 72750000000 | D8: =(C8/C$25) -> 0.041377625 | E8: 55000000000 | F8: 4.7436266e+10
B9: Value Added Tax | C9: 179419000000 | D9: =(C9/C$25) -> 0.10204718 | E9: 132000000000 | F9: 1.3910456e+11
B10: Other Statutory Revenue | C10: 4099000000 | D10: =(C10/C$25) -> 0.0023313661 | E10: 5400000000 | F10: 7.2918076e+09
A12: Grant | B12: Domestic Grants | C12: =Grants!B18 -> 15789679673 | D12: =(C12/C$25) -> 0.0089806109 | E12: 1.9652715e+10 | F12: 9.5060434e+09
B13: Foreign Grants | C13: =Grants!B47 -> 2.644113e+10 | D13: =(C13/C$25) -> 0.015038779 | E13: 4.7808782e+08
A15: Opening Balance | B15: Opening Balance | C15: 77282393529 | D15: =(C15/C$25) -> 0.04395549
A17: Total Revenue, Grant (including Opening Balance) | C17: =SUM(C7:C16) -> 1.2369219e+12 | D17: =(C17/C$25) -> 0.70351741 | E17: =SUM(E7:E16) -> 9.8457422e+11 | F17: =SUM(F7:F16) -> 7.8538322e+11
A19: Budget Financing | B19: Domestic Loans | C19: ='Loans '!B14 -> 4.8167568e+11 | D19: =(C19/C$25) -> 0.27396008 | E19: 269994240000 | F19: 253328939793
B20: Foreign Loans | C20: ='Loans '!B21 -> 39599000000 | D20: =(C20/C$25) -> 0.02252251 | E20: 2000000000
B21: Sales of Government Assets | D21: =(C21/C$25) -> 0
B22: Other Deficit Financing Items | C22: 0 | D22: =(C22/C$25) -> 0 | F22: 49476120414
A23: Total Budget Financing | C23: =SUM(C19:C22) -> 5.2127468e+11 | D23: =(C23/C$25) -> 0.29648259 | E23: =SUM(E19:E22) -> 271994240000 | F23: =SUM(F19:F22) -> 302805060207
A25: Total Budget Revenue and Financing | C25: =C17+C23 -> 1.7581966e+12 | D25: =(C25/C$25) -> 1 | E25: =E17+E23 -> 1.2565685e+12 | F25: =F17+F23 -> 1.0881883e+12
A27: NOTES
A28: All numbers must be rounded to the nearest number | C28: Source of Funds Composition | D28: 2022 Budget Target | E28: 2022 Percentage of Total Sources of Funds
A29: All input cells are coloured pink | C29: =B7 -> Internally Generated Revenue | D29: =C7 -> 8.6114073e+11 | E29: =D7 -> 0.48978637
A30: All calculation cells are coloured yellow | C30: =B8 -> Statutory Allocation | D30: =C8 -> 72750000000 | E30: =D8 -> 0.041377625
A31: All linked cells are coloured blue | C31: =B9 -> Value Added Tax | D31: =C9 -> 179419000000 | E31: =D9 -> 0.10204718
A32: All title cells are coloured green | C32: =B10 -> Other Statutory Revenue | D32: =C10 -> 4099000000 | E32: =D10 -> 0.0023313661
C33: =B12 -> Domestic Grants | D33: =C12 -> 15789679673 | E33: =D12 -> 0.0089806109
C34: =B13 -> Foreign Grants | D34: =C13 -> 2.644113e+10 | E34: =D13 -> 0.015038779
C35: =B15 -> Opening Balance | D35: =C15 -> 77282393529 | E35: =D15 -> 0.04395549
C36: =B19 -> Domestic Loans | D36: =C19 -> 4.8167568e+11 | E36: =D19 -> 0.27396008
C37: =B20 -> Foreign Loans | D37: =C20 -> 39599000000 | E37: =D20 -> 0.02252251
C38: =B21 -> Sales of Government Assets | D38: =C21 -> 0 | E38: =D21 -> 0
C39: =B22 -> Other Deficit Financing Items | D39: =C22 -> 0 | E39: =D22 -> 0

Sheet Expenditure  Page 
A1: =Grants!A1 -> Lagos State Budget 2022
A2: =Grants!A2 -> Budget Title: Budget of Consolidation
A4: Expenditure: Where does the Money go?
A6: Expenditure | B6: 2022 Budget Target | C6: 2022 Percentage of Total Budgeted Expenditure | D6: Previous Year Target | E6: Previous Year Actual
A7: Recurrent Expenditure
A8: Personnel Cost | B8: 189585543440 | C8: =B8/$B$18 -> 0.10782955 | D8: 170526146000 | E8: 1.6003657e+11
A9: Overhead Cost | B9: 333433069713 | C9: =B9/$B$18 -> 0.18964493 | D9: 303543728000 | E9: 2.5266901e+11
A10: Consolidated Revenue Charges | C10: =B10/$B$18 -> 0
A11: Transfers | C11: =B11/$B$18 -> 0
A12: Interest Payments | B12: 6.826219e+10 | C12: =B12/$B$18 -> 0.038825118 | D12: 39273464000 | E12: 4.1402598e+10
A13: Other Recurrent Expenditure | C13: =B13/$B$18 -> 0
A14: Total Recurrent Expenditure | B14: =SUM(B8:B13) -> 5.912808e+11 | C14: =B14/$B$18 -> 0.33629959 | D14: =SUM(D8:D13) -> 513343338000 | E14: =SUM(E8:E13) -> 4.5410818e+11
A16: Total Capital Expenditure | B16: 1.1669158e+12 | C16: =B16/$B$18 -> 0.66370041 | D16: 7.4322512e+11 | E16: 6.340801e+11
A18: Total Expenditure | B18: =SUM(B14:B16) -> 1.7581966e+12 | C18: =B18/$B$18 -> 1 | D18: =D16+D14 -> 1.2565685e+12 | E18: =E16+E14 -> 1.0881883e+12
A20: NOTES | E20: `
A21: All numbers must be rounded to the nearest number
A22: All input cells are coloured pink
A23: All calculation cells are coloured yellow
A24: All linked cells are coloured blue
A25: All title cells are coloured green
A29: Expenditure | B29: Budget Target | C29: % of Total Budgeted Expenditure
A30: Personnel Cost | B30: =B8 -> 189585543440 | C30: =C8 -> 0.10782955
A31: Overhead Cost | B31: =B9 -> 333433069713 | C31: =C9 -> 0.18964493
A32: Consolidated Revenue Charges | B32: =B10 -> 0 | C32: =C10 -> 0
A33: Transfers | B33: =B11 -> 0 | C33: =C11 -> 0
A34: Interest Payments | B34: =B12 -> 6.826219e+10 | C34: =C12 -> 0.038825118
A35: Other Recurrent Expenditure | B35: =B13 -> 0 | C35: =C13 -> 0
A36: Capital Cost | B36: =B16 -> 1.1669158e+12 | C36: =C16 -> 0.66370041
A37: Completness Check | B37: =IF((SUM(B30:B36))=B18, "Complete", "Incomplete - Recheck") -> Complete | C37: =IF((SUM(C30:C36))=C18, "Complete", "Incomplete - Recheck") -> Complete

Sheet General Framework 
A1: =Grants!A1 -> Lagos State Budget 2022
A2: =Grants!A2 -> Budget Title: Budget of Consolidation
A4: General Framework
A6: Budget Line Item | B6: 2022 Approved Budget Naira | C6: 2022 Approved Budget Billion Naira | D6: Previous Year Actual | E6: Previous Year Budget Target | F6: Budget Execution
A7: Total Budget Expenditure | B7: ='Expenditure Page '!B18 -> 1.7581966e+12 | C7: =B7/1000000000 -> 1758.1966 | D7: ='Expenditure Page '!E18 -> 1.0881883e+12 | E7: ='Expenditure Page '!D18 -> 1.2565685e+12 | F7: =D7/E7 -> 0.866
A8: Total Budget Revenue and Grants | B8: ='Revenue and Financing Page '!C17 -> 1.2369219e+12 | C8: =B8/1000000000 -> 1236.9219 | D8: ='Revenue and Financing Page '!F17 -> 7.8538322e+11 | E8: ='Revenue and Financing Page '!E17 -> 9.8457422e+11 | F8: =D8/E8 -> 0.79768819
A9: Budget Deficit | B9: =-(B8-B7) -> 5.2127468e+11 | C9: =B9/1000000000 -> 521.27468 | D9: =-(D8-D7) -> 3.0280506e+11 | E9: =-(E8-E7) -> 271994240000 | F9: =D9/E9 -> 1.1132775
A10: Total Budget Financing | B10: ='Revenue and Financing Page '!C23 -> 5.2127468e+11 | C10: =B10/1000000000 -> 521.27468 | D10: ='Revenue and Financing Page '!F23 -> 302805060207 | E10: ='Revenue and Financing Page '!E23 -> 271994240000 | F10: =D10/E10 -> 1.1132775
A11: Financing Gap | B11: =B9-B10 -> 0 | C11: =B11/1000000000 -> 0 | D11: =D9-D10 -> 0 | E11: =E9-E10 -> 0
A13: NOTES
A14: All numbers must be rounded to the nearest number
A15: All input cells are coloured pink
A16: All calculation cells are coloured yellow
A17: All linked cells are coloured blue
A18: All title cells are coloured green
F26: 2.5318978e+10

Sheet Sheet1

Sheet Sectoral Allocations
A1: =Grants!A1 -> Lagos State Budget 2022
A2: =Grants!A2 -> Budget Title: Budget of Consolidation
B4: 2022 Budget Target | H4: Previous Year Target | I4: Previous Year Actual
A5: Top Sector/Ministry Allocation | B5: Personnel Cost | C5: Overheads and Other Recurrent | D5: Recurrent Expenditure | E5: Capital Expenditure | F5: Total Expenditure | G5: Percentage of Total Budgeted Expenditure | H5: Total Expenditure | I5: Total Expenditure
A6: General Public Services | B6: 6.0085423e+10 | C6: 1.8706031e+11 | D6: =B6+C6 -> 2.4714573e+11 | E6: 3.555746e+11 | F6: =SUM(D6:E6) -> 6.0272033e+11 | G6: =(F6/$F$19) -> 0.34280599 | H6: 5.2300087e+11 | I6: 6.3057656e+11
A7: Public Order and Safety | B7: 1.0087194e+10 | C7: 2.2000227e+10 | D7: =B7+C7 -> 3.208742e+10 | E7: 3.8628418e+10 | F7: =SUM(D7:E7) -> 7.0715838e+10 | G7: =(F7/$F$19) -> 0.040220666 | H7: 5.2173994e+10 | I7: 2.0472487e+10
A8: Economic Affairs | B8: 1.1565275e+10 | C8: 4.5101293e+10 | D8: =B8+C8 -> 5.6666567e+10 | E8: 5.150661e+11 | F8: =SUM(D8:E8) -> 5.7173267e+11 | G8: =(F8/$F$19) -> 0.32518131 | H8: 3.1537294e+11 | I8: 1.9244474e+11
A9: Environment | B9: 2.102303e+09 | C9: 2.7338822e+10 | D9: =B9+C9 -> 2.9441125e+10 | E9: 6.3064102e+10 | F9: =SUM(D9:E9) -> 9.2505227e+10 | G9: =(F9/$F$19) -> 0.052613699 | H9: 6.8083595e+10 | I9: 4.5697246e+10
A10: Housing and Community Amenities | B10: 4.2790069e+09 | C10: 7.0891566e+09 | D10: =B10+C10 -> 1.1368163e+10 | E10: 7.8250448e+10 | F10: =SUM(D10:E10) -> 8.9618612e+10 | G10: =(F10/$F$19) -> 0.050971894 | H10: 4.1892098e+10 | I10: 1.5612914e+10
A11: Health | B11: 4.6187642e+10 | C11: 4.2283415e+10 | D11: =B11+C11 -> 8.8471058e+10 | E11: 3.8877621e+10 | F11: =SUM(D11:E11) -> 1.2734868e+11 | G11: =(F11/$F$19) -> 0.072431421 | H11: 9.8941942e+10 | I11: 6.9276467e+10
A12: Recreation, Culture and Religion | B12: 6.1035857e+08 | C12: 6.7100339e+09 | D12: =B12+C12 -> 7.3203925e+09 | E12: 12898375167 | F12: =SUM(D12:E12) -> 2.0218768e+10 | G12: =(F12/$F$19) -> 0.011499719 | H12: 8.8491479e+09 | I12: 4.6957135e+09
A13: Education | B13: 5.3634741e+10 | C13: 5.9035775e+10 | D13: =B13+C13 -> 1.1267052e+11 | E13: 6.0855679e+10 | F13: =SUM(D13:E13) -> 1.735262e+11 | G13: =(F13/$F$19) -> 0.098695558 | H13: 1.3929691e+11 | I13: 1.0553933e+11
A14: Social Protection | B14: 1.0336004e+09 | C14: 5.0762277e+09 | D14: =B14+C14 -> 6.1098282e+09 | E14: 3.7004609e+09 | F14: =SUM(D14:E14) -> 9.8102891e+09 | G14: =(F14/$F$19) -> 0.0055797452 | H14: 8.9560916e+09 | I14: 3.8728255e+09
D15: =B15+C15 -> 0 | F15: =SUM(D15:E15) -> 0 | G15: =(F15/$F$19) -> 0
D16: =B16+C16 -> 0 | F16: =SUM(D16:E16) -> 0 | G16: =(F16/$F$19) -> 0
A17: Other MDA Expenditure | F17: =F19-F18 -> 0 | G17: =(F17/$F$19) -> 0
A18: Total (Except Other MDA Expenditure) | B18: =SUM(B6:B16) -> 1.8958554e+11 | C18: =SUM(C6:C16) -> 4.0169526e+11 | D18: =SUM(D6:D16) -> 5.912808e+11 | E18: =SUM(E6:E16) -> 1.1669158e+12 | F18: =SUM(F6:F16) -> 1.7581966e+12 | G18: =(F18/$F$19) -> 1 | H18: =SUM(H6:H16) -> 1.2565676e+12 | I18: =SUM(I6:I16) -> 1.0881883e+12
A19: Total Budgeted Expenditure | E19: Total Budgeted Expenditure | F19: ='Expenditure Page '!B18 -> 1.7581966e+12 | G19: =(F19/$F$19) -> 1
A31: NOTES
A32: All numbers must be rounded to the nearest number
A33: All input cells are coloured pink
A34: All calculation cells are coloured yellow
A35: All linked cells are coloured blue
A36: All title cells are coloured green

Sheet Main Capital Allocations 
A1: =Grants!A1 -> Lagos State Budget 2022
A2: =Grants!A2 -> Budget Title: Budget of Consolidation
A5: Top Capital Projects : 2022 Proposed Budget
A6: Project | B6: Line Ministry/Agency | C6: Location(s) | D6: LGA(s) | E6: Amount
A7: Red Line Rail | B7: Lagos State Metropolitan Area Transport Authority(LAMATA) | C7: State wide | D7: All | E7: 93000000000
A8: Blue Line Rail | B8: Lagos State Metropolitan Area Transport Authority(LAMATA) | C8: State wide | D8: All | E8: 60000000000
A9: Drainage Construction & Dredging | B9: Office of Drainage Services & Water Resources | C9: State wide | D9: All | E9: 31050198728
A10: Construction of New Office Blocks | B10: House of Assembly | C10: Ikeja | D10: Ikeja | E10: 21710993570
A11: Provision of Housing and Infrastructure | B11: Ministry of Housing | C11: State wide | D11: All | E11: 2.8112808e+10
A12: Rehabilitation/Upgrading of Eti-Osa/Lekki/Epe Expressway Project from Eleko Junction to Epe T-junction (Phase 1) | B12: Office of Infrastructure | C12: Eti-Osa/Lekki/Epe | D12: Eti-Osa/Lekki/Epe | E12: 19648992462
A13: Channelisation | B13: Ministry of Waterfront Infrastructure Development | C13: Eti-Osa/Lekki/Epe | D13: Eti-Osa/Lekki/Epe | E13: 1.6348781e+10
A14: Procurement of Fire Equipment/Trucks | B14: Ministry of Special Duties & Inter-Governmental Relations | C14: State wide | D14: All | E14: 15956350164
A15: Construction/Rehabilitation of Hospitals | B15: Ministry of Health | C15: State wide | D15: All | E15: 1.5219776e+10
A16: Construction/ Rehabilitation of Building | B16: Lagos State University (LASU) | C16: LASU | D16: OJO | E16: 1.2362231e+10
A17: Provision of Infrastucture | B17: Ibile Oil & Gas (IOGAS) | C17: State wide | D17: All | E17: 1.2166476e+10
A18: Blueline rail Project (National Theatre to Marina) | B18: Lagos State Metropolitan Area Transport Authority(LAMATA) | C18: National Theatre/Marina | D18: Victorial Island | E18: 11566236645
... A23: Drainage Maintenance (EFAG) | B23: Office of Drainage Services & Water Resources | C23: State wide | D23: All | E23: 9385686915
A26: Total Top Capital Projects 2022 | E26: =SUM(E7:E24) -> 3.8739106e+11
A27: Total Capital Projects 2022 | E27: ='Expenditure Page '!B16 -> 1.1669158e+12
A28: % share of total top capital projects vs. capital projects for 2022 | E28: =E26/E27 -> 0.33197859
A29: Total Budget 2022 | E29: ='Expenditure Page '!B18 -> 1.7581966e+12
A30: % share of total top capital projects vs. total budget for 2022 | E30: =E26/E29 -> 0.22033433
A32: Top 5 Capital Projects : 2022 Proposed Budget | B32: Amount
A33: =A7 -> Red Line Rail | B33: =E7 -> 93000000000
A34: =A8 -> Blue Line Rail | B34: =E8 -> 60000000000
A35: =A9 -> Drainage Construction & Dredging | B35: =E9 -> 31050198728
A36: =A11 -> Provision of Housing and Infrastructure | B36: =E10 -> 21710993570
A37: =A12 -> Rehabilitation/Upgrading of Eti-Osa/Lekki/Epe Expressway Project from Eleko Junction to Epe T-junction (Phase 1) | B37: =E11 -> 2.8112808e+10
A38: Other Capital Projects | B38: =B40-B39 -> 9.3304181e+11
A39: Total of top 5 Capital Projects | B39: =SUM(B33:B37) -> 2.33874e+11
A40: Total Capital | B40: ='Expenditure Page '!B16 -> 1.1669158e+12
A41: Total Recurrent | B41: ='Expenditure Page '!B14 -> 5.912808e+11
A42: Total Expenditure | B42: ='Expenditure Page '!B18 -> 1.7581966e+12
A44: NOTES
A45: All numbers must be rounded to the nearest number
A46: All input cells are coloured pink
A47: All calculation cells are coloured yellow
A48: All linked cells are coloured blue
A49: All title cells are coloured green

Sheet Dashboard
A1: =Grants!A1 -> Lagos State Budget 2022
A2: =Grants!A2 -> Budget Title: Budget of Consolidation
B4: Revenue Breakdown
B26: Expenditure Breakdown
B49: General Framework
B80: Sectoral Allocation
B116: Capital Allocation
